 Dungeon Crawl Stone Soup version bcrawl-1.12.1 (webtiles) character file.

Game seed: 6083511919487058961

37 Groucho the Sneak (level 3, 0/16 HPs)
             Began as a Spriggan Enchanter on July 13, 2019.
             Slain by an orc
             ... wielding a +0 dagger
              (5 damage)
             ... on level 1 of the Dungeon.
             The game lasted 00:03:15 (1367 turns).

Groucho the Sneak (Spriggan Enchanter)              Turns: 1367, Time: 00:03:15

Health: 0/16       AC:  2    Str:  4    XL:     3   Next: 21%
Magic:  2/8        EV: 18    Int: 17    God:
Gold:   45         SH:  0    Dex: 16    Spells: 5/8 levels left

rFire    . . .     SeeInvis +   a - +1 dagger
rCold    . . .     Gourm    .   (shield restricted)
rNeg     . . .     Faith    .   b - +0 robe
rPois    .         Spirit   .   (helmet restricted)
rElec    .         Reflect  .   (no cloak)
rCorr    .         Harm     .   (gloves unavailable)
MR       .....                  (boots unavailable)
Stlth    +++.......             (no amulet)
HPRegen  0.05/turn              (no ring)
MPRegen  0.11/turn              (no ring)

@: very quick
A: very small, unfitting armour, see invisible, herbivore, speed 3, slow
metabolism 2
a: no special abilities


You were on level 1 of the Dungeon.
You were not hungry.

You visited 1 branch of the dungeon, and saw 2 of its levels.

You collected 45 gold pieces.

Inventory:

Hand Weapons
 a - a +1 dagger (weapon)
Missiles
 c - 96 stones (quivered)
Armour
 b - a +0 robe (worn)
Scrolls
 d - a scroll of fog
Potions
 e - a potion of brilliance {unknown}
Comestibles
 f - 4 rations {!d}


   Skills:
 - Level 1.2 Short Blades
 - Level 3.0 Dodging
 * Level 6.0 Stealth
 + Level 3.2 Spellcasting
 + Level 4.1 Hexes


You had 5 spell levels left.
You knew the following spells:

 Your Spells              Type           Power        Failure   Level  Hunger
a - Corona                Hex            ###....      3%          1    None
b - Ensorcelled Hibernat  Hex/Ice        #.....       11%         2    ##.....

Your spell library contained the following spells:

 Spells                   Type           Power        Failure   Level  Hunger
 Confuse                  Hex            ###.....     10%         3    ###....
 Tukima's Dance           Hex            ###.....     10%         3    ###....
 Dazzling Spray           Conj/Hex       #.....       22%         3    ###....


Dungeon Overview and Level Annotations

Branches:
Dungeon (2/12)

Altars:


Innate Abilities, Weirdness & Mutations

You are very small and have problems with some larger weapons.
You are too small for most types of armour.
You have supernaturally acute eyesight. (SInv)
You are a herbivore.
You cover ground extremely quickly.
You need to consume almost no food.


Message History

The orc is severely wounded.
You hit the orc but do no damage.
The orc is severely wounded.
The orc barely misses you.
You barely miss the orc.
The orc is severely wounded.
The orc closely misses you.
You hit the orc.
The orc is almost dead.
The orc closely misses you.
You hit the orc but do no damage.
The orc is almost dead.
The orc misses you.
You hit the orc but do no damage.
The orc is almost dead.
The orc hits you with a +0 dagger.
You barely miss the orc.
The orc is almost dead.
The orc hits you with a +0 dagger.
You die...

# ########## # #........#
################ #........#
.......o.......# #........#
......o........#####........#
..###..........o@..)........#
..#####....######.##........#
...###....## #.##........#
...##...#.## #.##........#
....#.#....# ###.###########
......##.#.####...#
.....###..........#
.......#....>...>.########
.......#.................######


You could see an orc.

Vanquished Creatures
  An ooze (D:1)
  A dart slug (D:1)
  A leopard gecko (D:1)
  An orc (D:1)
  5 bats (D:1)
  A giant cockroach (D:1)
  4 goblins (D:1)
  6 hobgoblins (D:1)
  3 kobolds (D:1)
  2 rats (D:1)
25 creatures vanquished.

Notes
Turn   | Place    | Note
-------+----------+-------------------------------------------
     0 | D:1      | Groucho the Spriggan Enchanter began the quest for the Orb.
     0 | D:1      | Reached XP level 1. HP: 9/9 MP: 5/5
    28 | D:1      | Reached skill level 5 in Stealth
   204 | D:1      | Reached XP level 2. HP: 13/13 MP: 6/6
   297 | D:1      | Learned a level 2 spell: Ensorcelled Hibernation
   667 | D:1      | Reached XP level 3. HP: 9/16 MP: 1/8
  1169 | D:1      | Reached skill level 6 in Stealth
  1367 | D:1      | Slain by an orc

Skill      XL: |  1  2  3 |
---------------+----------+-----
Stealth        | 5 6 |  6.0
Spellcasting   | 3 |  3.2
Hexes          | 4 |  4.1
Short Blades   | |  1.2
Dodging        | |  3.0

Action                   || total
-------------------------++-------
Melee: Dagger            ||    84
Throw: Stone             ||     3
 Cast: Ensorcelled Hiber ||     9
 Stab: Sleeping          ||    16
Armor: Robe              ||    23
Dodge: Dodged            ||    68
